Map: Eternal Empire LE

Players

LiquidClem (Clem)

  • Race: Terran Terran
  • League: Master
  • Spawn Location: 1:00

Serral - Winner!

  • Race: Zerg Zerg
  • League: Master
  • Spawn Location: 7:00

Event: DreamHack SC2 Masters 2020 Summer Europe

VOD

Have the link to the VOD?

Description

Time

  • Played on: July 11, 2020, 12:23 p.m.
  • Length: 18:02

All games in this series

Show
View Real Time Build Order
Export as new Build Order

LiquidClem Terran 

Build Orders: Liberator Opening, Reaper Expand 

Get SALT Encoding   

  12  0:00  SCV  
  13  0:12  SCV  
  14  0:17  Supply Depot  
  14  0:24  SCV  
  15  0:39  SCV, Barracks  
  16  0:44  Refinery  
  16  0:51  SCV  
  17  1:03  SCV  
  18  1:15  SCV  
  19  1:26  Reaper  
  19  1:27  Orbital Command  
  20  1:40  Command Center  
  20  1:49  Supply Depot  
  20  1:52  SCV  
  21  1:58  Marine  
  22  2:04  SCV  
  23  2:12  Factory  
  23  2:16  SCV  
  23  2:20  Refinery  
  23  2:21  Barracks Reactor  
  24  2:28  SCV  
  25  2:41  SCV  
  26  2:52  Orbital Command  
  26  2:53  SCV  
  26  2:57  Starport  
  27  3:02  Hellion x2  
  27  3:05  SCV, Barracks Tech Lab  
  32  3:17  SCV  
  32  3:19  SCV  
  34  3:23  Hellion x2  
  34  3:24  Supply Depot  
  38  3:30  SCV  
  39  3:35  Liberator  
  39  3:38  SCV  
  43  3:46  Hellion x2, Supply Depot  
  43  3:47  SCV  
  48  3:52  SCV  
  48  3:55  Stimpack  
  49  4:00  SCV  
  50  4:04  SCV  
  51  4:13  Command Center  
  51  4:15  SCV  
  51  4:16  SCV  
  53  4:18  Starport Reactor  
  53  4:19  Supply Depot  
  53  4:20  Marine  
  54  4:27  SCV  
  54  4:28  SCV, Factory Tech Lab  
  54  4:31  Barracks  
  56  4:35  Barracks  
  56  4:38  Marine  
  57  4:39  SCV  
  57  4:40  Supply Depot  
  57  4:41  SCV  
  59  4:51  SCV, Engineering Bay  
  60  4:54  SCV  
  60  4:55  Engineering Bay  
  61  5:00  Supply Depot, Marine  
  61  5:03  SCV  
  61  5:06  SCV  
  64  5:07  Siege Tank  
  64  5:14  Starport Reactor  
  67  5:15  SCV  
  67  5:16  Refinery x2  
  67  5:19  SCV  
  69  5:22  Terran Infantry Weapons Level 1, Terran Infantry Armor Level 1  
  69  5:23  Marine x2  
  69  5:25  Marine  
  72  5:30  Orbital Command  
  72  5:31  Marine  
  72  5:32  Marine  
  74  5:38  Combat Shield  
  74  5:40  SCV x2  
  74  5:41  Marine x2  
  78  5:47  Marine  
  73  5:50  Marine  
  73  5:52  SCV x2, Orbital Command  
  73  5:54  Medivac  
  71  6:02  Barracks  
  71  6:03  Medivac, Barracks  
  71  6:04  SCV x2, Marine  
  74  6:05  Marine x2  
  74  6:06  Marine  
  79  6:12  Supply Depot  
  79  6:15  Marine  
  79  6:16  SCV x2  
  82  6:20  SCV  
  82  6:22  Marine x2  
  82  6:23  Marine  
  82  6:24  Supply Depot, Marine  
  87  6:28  SCV, Siege Tank  
  87  6:30  SCV  
  92  6:33  Marine  
  92  6:39  Supply Depot  
  93  6:40  SCV, Marine x2  
  93  6:41  Marine  
  93  6:42  Marine  
  93  6:43  Medivac  
  100  6:48  Medivac  
  100  6:49  SCV  
  100  6:50  Refinery  
  100  6:51  SCV, Marine  
  100  6:53  Barracks Reactor x2  
  105  6:55  Supply Depot  
  105  6:56  SCV  
  105  6:57  Marine  
  107  7:03  Armory  
  107  7:04  Marine x2  
  107  7:06  SCV  
  107  7:07  Marine, Siege Tank  
  113  7:09  SCV, Marine  
  103  7:15  Marine  
  103  7:21  SCV  
  103  7:22  SCV, Marine x2  
  104  7:25  Marine  
  104  7:27  Marine  
  104  7:29  SCV  
  107  7:32  Marine x2  
  107  7:33  Marine  
  107  7:34  Medivac x2  
  107  7:36  Command Center, Factory  
  114  7:39  Supply Depot  
  114  7:41  Marine x2  
  114  7:42  Marine x2  
  114  7:43  SCV  
  119  7:48  Marine  
  119  7:49  Refinery  
  120  7:52  SCV  
  120  7:53  Marine x2  
  120  7:55  Supply Depot, Terran Infantry Weapons Level 2  
  123  8:00  Terran Infantry Armor Level 2  
  123  8:06  Marine  
  123  8:07  Marine x2  
  123  8:09  Marine  
  126  8:15  Medivac x2  
  126  8:18  Siege Tank  
  126  8:19  Marine x3  
  132  8:20  Marine  
  132  8:21  Supply Depot, Factory Tech Lab  
  132  8:23  SCV x2  
  132  8:24  SCV  
  132  8:26  Marine x2  
  140  8:28  Marine x3  
  140  8:33  Supply Depot  
  142  8:37  Marine x2  
  142  8:39  Marine  
  142  8:40  Marine  
  149  8:41  Supply Depot, Siege Tank  
  149  8:42  Terran Vehicle Weapons Level 1  
  149  8:44  Marine  
  150  8:52  Marauder, Marine  
  150  8:53  Marine  
  150  8:54  Marine  
  150  8:55  Marine  
  155  8:56  Siege Tank  
  155  8:59  SCV  
  155  9:00  SCV  
  155  9:01  Marine  
  161  9:03  Marine  
  161  9:04  SCV  
  161  9:06  Marine x2, Sensor Tower  
  165  9:11  Medivac  
  165  9:13  Planetary Fortress  
  165  9:14  Marauder  
  165  9:15  Siege Tank  
  165  9:16  Marine x2  
  174  9:17  Marine x2  
  174  9:18  Marine  
  177  9:24  Marine x2  
  177  9:26  SCV  
  177  9:28  SCV  
  177  9:30  Marine  
  182  9:33  Supply Depot  
  182  9:34  Marine x2  
  182  9:35  Supply Depot  
  182  9:36  Siege Tank  
  187  9:40  Marine  
  187  9:45  Supply Depot  
  188  9:50  Barracks x2  
  188  9:51  Barracks  
  188  9:54  Marine  
  188  9:55  SCV x4  
  188  9:56  Unknown  
  193  10:00  Siege Tank  
  193  10:01  Concussive Shells  
  193  10:02  Marine  
  193  10:03  Marine  
  193  10:05  Marine x2  
  200  10:19  Medivac, Siege Tank  
  162  10:22  Marauder  
  162  10:25  Marine x4  
  154  10:28  Marine  
  154  10:29  Marine  
  154  10:32  Siege Tank  
  155  10:39  Marine  
  155  10:40  Marine  
  155  10:42  Medivac  
  130  10:43  Marauder  
  130  10:45  Barracks Tech Lab x3  
  130  10:46  Marine x3  
  128  10:50  SCV x2  
  128  10:51  SCV x2, Siege Tank  
  128  10:52  Terran Infantry Weapons Level 3, Terran Infantry Armor Level 3  
  128  10:53  Command Center, Marine  
  136  10:59  Marine x4  
  136  11:02  Terran Vehicle And Ship Armor Level 1  
  136  11:04  Marauder  
  142  11:05  Marauder x2  
  142  11:06  Marauder, Marine x2  
  142  11:07  SCV  
  142  11:08  Siege Tank  
  142  11:10  Medivac, Marine  
  155  11:11  Marine  
  155  11:15  SCV  
  155  11:16  SCV, Marine x2  
  160  11:19  Marine x2  
  160  11:23  Siege Tank  
  160  11:24  Marine x2  
  160  11:25  Marauder, Marine  
  169  11:26  Marauder  
  169  11:27  Marine  
  169  11:28  Marine  
  169  11:29  Marine  
  175  11:34  Marine x2  
  175  11:37  Marine  
  175  11:38  Marine  
  178  11:41  Siege Tank  
  178  11:42  Marine  
  178  11:44  Marauder  
  178  11:45  Medivac x2  
  178  11:46  Marauder x2, Marine x2  
  185  11:47  Marauder  
  185  11:50  Marine  
  185  11:52  Marine  
  189  11:55  Siege Tank  
  189  11:59  Marine  
  189  12:00  Marine x3  
  193  12:04  Marine  
  193  12:05  Marauder  
  193  12:07  Marauder, Marine  
  199  12:13  SCV  
  199  12:14  SCV  
  199  12:18  Ghost Academy  
  199  12:20  Marine  
  199  12:21  Starport  
  200  12:26  Fusion Core  
  199  12:38  Viking x2  
  199  12:39  Marauder  
  199  12:42  Marine x2  
  183  12:44  Siege Tank  
  183  12:45  Marauder x2, Marine x2  
  183  12:47  Siege Tank  
  183  12:52  Marauder, Marine  
  183  12:55  Marine x3  
  188  13:00  Marine x2  
  188  13:01  Marauder  
  188  13:03  Marine x2  
  189  13:06  Marine  
  189  13:07  Marauder  
  189  13:09  Marine  
  179  13:13  Marauder, Marine x3  
  179  13:16  Siege Tank  
  179  13:18  Marine x2  
  179  13:19  Medivac, Siege Tank  
  181  13:20  Marine  
  181  13:21  Planetary Fortress  
  181  13:22  Marauder  
  181  13:24  Ghost  
  186  13:27  Ghost  
  188  13:35  Marauder  
  188  13:36  Marine  
  188  13:37  Starport Reactor, Sensor Tower  
  188  13:38  Supply Depot  
  188  13:39  Supply Depot  
  191  13:42  Marine x2  
  191  13:44  SCV, Marauder  
  189  13:48  Siege Tank  
  189  13:51  Siege Tank  
  189  13:52  Ghost  
  189  13:53  Marine x2  
  189  13:55  Ghost  
  189  13:56  Ghost  
  189  13:59  Marine  
  189  14:00  Medivac  
  189  14:02  Marine x2  
  185  14:04  Ghost  
  166  14:12  Command Center  
  166  14:13  Marine x3  
  166  14:14  Marine x2  
  171  14:17  Marine  
  171  14:19  Marine x2  
  171  14:21  Siege Tank  
  171  14:22  Marauder  
  171  14:23  Siege Tank  
  182  14:24  Marine  
  182  14:25  Marauder  
  182  14:27  Medivac  
  182  14:31  Marine x4  
  187  14:36  Marauder, Orbital Command, Marine x2  
  187  14:38  Liberator  
  182  14:52  Marauder, Marine  
  176  14:53  Marine x3, Siege Tank  
  176  14:54  Marine x3  
  176  14:55  Siege Tank  
  183  15:11  Command Center  
  170  15:25  Siege Tank  
  170  15:26  Marauder  
  170  15:28  Marine, Siege Tank  
  142  15:29  Marauder  
  142  15:30  Marine x2  
  142  15:31  Marauder  
  148  15:38  Marauder, Marine x5  
  148  15:40  Medivac  
  156  15:46  Marine  
  156  15:48  Marauder  
  159  15:52  Planetary Fortress  
  159  15:55  Marine  
  159  15:56  Marauder, Marine  
  163  15:57  Siege Tank  
  163  15:59  Medivac  
  163  16:00  Marine x3  
  163  16:01  Marine x3  
  163  16:03  Marine  
  163  16:04  Marine  
  175  16:09  Marine  
  177  16:13  Marine  
  177  16:14  Siege Tank  
  177  16:17  Marauder  
  177  16:18  Liberator x3  
  188  16:19  Marine  
  188  16:20  Marine  
  193  16:29  Siege Tank  
  193  16:31  Marauder  
  183  16:34  Marine x2  
  183  16:35  Marauder  
  183  16:36  Marauder, Marine  
  183  16:38  Marine  
  183  16:39  Marine  
  182  16:40  Marauder, Marine x2  
  182  16:41  Marine  
  184  16:49  Siege Tank  
  186  16:59  Medivac  
  186  17:00  Marauder  
  186  17:01  Marine, Widow Mine  
  184  17:03  Marine x2  
  184  17:06  Marine  
  177  17:12  Marine  
  177  17:13  Marauder  
  139  17:16  Marine  
  139  17:17  Marauder  
  139  17:18  Marine  
  139  17:19  Marine  
  139  17:21  Siege Tank  
  135  17:28  Marine  
  133  17:33  Marine x4  
  135  17:39  Marine  
Show
View Real Time Build Order
Export as new Build Order

Serral Zerg - Winner!

Build Orders: Hatch First 

Get SALT Encoding   

  12  0:00  Drone  
  13  0:12  Overlord  
  13  0:17  Drone  
  14  0:31  Drone x2  
  16  0:48  Hatchery  
  15  0:51  Drone  
  15  0:55  Drone  
  17  0:58  Drone  
  18  1:08  Extractor  
  17  1:13  Spawning Pool  
  17  1:17  Drone  
  17  1:20  Drone  
  18  1:28  Drone  
  19  1:38  Drone  
  20  1:49  Overlord  
  20  1:59  Queen x2  
  20  2:01  Zergling x4  
  26  2:11  Drone x2  
  26  2:12  Metabolic Boost  
  28  2:22  Drone x2  
  30  2:35  Queen x2  
  34  2:40  Drone x2  
  36  2:45  Overlord  
  36  2:50  Overlord  
  36  3:03  Drone x2  
  36  3:04  Drone  
  36  3:05  Drone  
  40  3:13  Drone x6  
  40  3:19  Queen  
  47  3:32  Hatchery  
  46  3:34  Zergling x2  
  46  3:37  Zergling x2  
  48  3:42  Drone  
  48  3:46  Evolution Chamber  
  48  3:47  Zergling x2  
  48  3:48  Overlord, Evolution Chamber  
  49  3:49  Drone  
  49  3:50  Drone  
  49  3:54  Drone x2  
  52  3:59  Overlord  
  52  4:06  Queen, Extractor  
  52  4:09  Zergling x4  
  55  4:10  Drone  
  55  4:15  Spore Crawler  
  55  4:18  Zerg Melee Weapons Level 1  
  55  4:20  Zerg Ground Armor Level 1  
  55  4:23  Drone x2  
  57  4:28  Zergling x2, Spore Crawler  
  57  4:29  Drone  
  58  4:34  Drone  
  58  4:35  Drone x2  
  61  4:40  Zergling x2  
  61  4:41  Drone x2  
  64  4:50  Overlord  
  64  4:51  Zergling x4  
  66  5:00  Overlord  
  66  5:01  Lair, Overlord  
  66  5:03  Overlord  
  66  5:09  Drone  
  66  5:10  Drone x4  
  69  5:14  Zergling x2  
  69  5:15  Zergling x2  
  69  5:16  Drone x2  
  69  5:20  Drone, Baneling Nest  
  73  5:21  Drone  
  73  5:25  Overlord, Drone  
  73  5:26  Drone  
  76  5:31  Zergling x2  
  76  5:32  Drone x2  
  76  5:33  Drone  
  76  5:35  Overlord  
  80  5:36  Zergling x2  
  79  5:49  Drone x2  
  77  5:50  Drone x3  
  77  5:53  Drone x3  
  77  5:57  Extractor x2  
  78  5:59  Zergling x6  
  78  6:01  Hatchery  
  79  6:04  Centrifical Hooks  
  79  6:05  Zergling x4  
  79  6:06  Zergling x2  
  79  6:10  Extractor  
  81  6:12  Zergling x4  
  81  6:16  Zerg Melee Weapons Level 2  
  83  6:24  Zergling x14  
  83  6:25  Zergling x4  
  92  6:27  Drone x4  
  96  6:33  Drone  
  96  6:36  Spore Crawler  
  97  6:40  Zergling x4  
  97  6:45  Drone  
  97  6:46  Zergling x2  
  100  6:52  Zergling x2, Overlord  
  101  6:54  Zergling x10  
  101  6:55  Hydralisk Den  
  101  6:56  Zergling x2  
  101  7:00  Zergling x6  
  108  7:05  Zergling x4  
  111  7:09  Hatchery  
  111  7:13  Zergling x4  
  102  7:21  Zergling x14  
  107  7:23  Baneling x6  
  107  7:25  Zerg Ground Armor Level 2  
  107  7:27  Muscular Augments  
  105  7:35  Hydralisk  
  105  7:36  Hydralisk x5  
  117  7:37  Baneling x6  
  117  7:39  Overlord  
  117  7:42  Overlord  
  117  7:49  Zergling x6  
  117  7:50  Zergling x4  
  120  7:55  Drone  
  120  7:58  Zergling x12  
  126  7:59  Baneling  
  126  8:00  Baneling x4  
  126  8:01  Baneling x3  
  126  8:02  Zergling x2  
  126  8:06  Zergling x2  
  126  8:09  Zergling x2  
  125  8:15  Drone  
  125  8:16  Drone x3  
  125  8:18  Drone  
  125  8:19  Drone x6  
  136  8:20  Infestation Pit, Queen  
  136  8:22  Overlord  
  136  8:23  Pneumatized Carapace  
  136  8:25  Drone  
  138  8:32  Drone  
  138  8:33  Drone  
  140  8:35  Unknown  
  140  8:38  Hydralisk x2  
  140  8:41  Grooved Spines  
  143  8:46  Zergling x12  
  146  8:51  Zergling x4  
  146  8:52  Zergling x14  
  151  8:57  Hive  
  151  8:59  Overlord  
  151  9:05  Overlord  
  148  9:12  Hydralisk x2, Baneling x4  
  148  9:14  Overlord  
  148  9:16  Hatchery  
  151  9:22  Zergling x2  
  151  9:23  Zergling x14  
  159  9:27  Overlord  
  159  9:29  Overlord  
  159  9:31  Baneling x6  
  159  9:33  Baneling x3  
  159  9:34  Baneling x7  
  159  9:38  Hydralisk x2  
  159  9:39  Zergling x4  
  165  9:47  Drone x5  
  165  9:50  Overlord  
  165  9:51  Hydralisk  
  165  9:52  Zergling x8  
  176  9:56  Drone  
  177  10:02  Zergling x16  
  177  10:04  Baneling x9  
  184  10:15  Zergling x20  
  165  10:26  Zergling x16, Baneling  
  165  10:27  Baneling x10  
  165  10:28  Queen  
  158  10:31  Baneling x8  
  156  10:36  Zergling x8  
  145  10:44  Zergling x6  
  145  10:47  Zerg Melee Weapons Level 3, Zerg Ground Armor Level 3  
  146  10:52  Viper x2  
  146  10:55  Baneling x6  
  152  10:59  Zergling x4  
  152  11:00  Hydralisk  
  152  11:01  Zergling x8, Hydralisk  
  162  11:09  Zergling x20  
  172  11:20  Viper, Drone x3  
  172  11:25  Zergling x8  
  181  11:26  Overseer x2  
  181  11:28  Baneling x3  
  181  11:29  Baneling  
  181  11:32  Zergling x12  
  187  11:34  Hatchery  
  184  11:40  Overlord  
  184  11:41  Zergling x16  
  184  11:44  Baneling x7  
  190  11:52  Zergling x18  
  199  11:54  Baneling x5  
  199  11:59  Zergling x12  
  195  12:11  Zergling x8  
  197  12:19  Baneling x11  
  197  12:21  Zergling x4  
  191  12:42  Zergling x32  
  191  12:43  Zergling x2  
  192  12:48  Drone  
  192  12:51  Zergling x20  
  200  12:57  Baneling  
  200  12:58  Zergling x2, Baneling x9  
  199  13:00  Hatchery  
  193  13:09  Zergling x6  
  193  13:10  Zergling x14  
  199  13:19  Baneling x8  
  194  13:20  Baneling x8  
  194  13:22  Zergling x18  
  194  13:24  Zerg Missile Weapons Level 1  
  200  13:31  Zergling x2  
  200  13:32  Zergling x10  
  197  13:37  Baneling x11  
  197  13:40  Baneling x3  
  195  13:41  Hatchery  
  195  13:47  Zergling x6  
  195  13:48  Zergling x12  
  179  14:05  Zergling x32  
  165  14:14  Hydralisk x2, Baneling x5  
  165  14:15  Zergling x20  
  178  14:22  Zergling x12  
  178  14:23  Baneling x12  
  178  14:24  Baneling  
  184  14:26  Overlord  
  184  14:28  Drone  
  184  14:30  Baneling x6  
  185  14:37  Zergling x18  
  185  14:38  Zergling x2  
  183  14:42  Baneling x12  
  183  14:44  Zergling x2  
  170  15:01  Zergling x2  
  170  15:02  Zergling x34  
  170  15:07  Baneling x10  
  182  15:15  Zergling x18  
  182  15:19  Hatchery  
  165  15:29  Zergling x14  
  165  15:34  Drone  
  169  15:36  Zergling x24  
  169  15:39  Baneling x19  
  181  15:44  Zergling x8, Spore Crawler  
  181  15:48  Ultralisk Cavern  
  181  15:49  Spire  
  175  15:52  Baneling x3  
  175  15:59  Drone  
  176  16:08  Zergling x10  
  176  16:09  Hatchery, Zergling x20  
  189  16:14  Baneling x7  
  189  16:18  Zergling x12  
  189  16:20  Overseer  
  175  16:34  Zergling x2  
  175  16:35  Zergling x30  
  175  16:39  Baneling x11  
  182  16:43  Baneling  
  182  16:44  Baneling x3  
  182  16:46  Zergling x16  
  190  16:50  Baneling  
  190  16:51  Baneling x13  
  189  16:59  Zergling x16  
  188  17:06  Zergling x2  
  188  17:07  Zergling x8  
  185  17:13  Zergling x12  
  160  17:21  Zergling x12  
  153  17:25  Baneling x8  
  153  17:26  Hydralisk x3  
  152  17:32  Zergling x2, Hydralisk x2  
  152  17:33  Zergling x2  
  157  17:37  Zergling x6  
Tags
 
Add a new tag
Caveats
  • Supply blocks, unpowered buildings, or Contaminate may cause inaccurate times.
  • Supply counts are checked every 10 seconds.